 Dungeon Crawl Stone Soup version 0.23.1-37-gaa34b87 (webtiles) character file.

Game seed: 16036556495066877767

154 doot the Magician (level 5, -1/28 HPs)
             Began as a Deep Elf Wizard on Mar 27, 2019.
             Slain by Natasha (7 damage)
             ... on level 4 of the Dungeon.
             The game lasted 00:05:45 (1815 turns).

doot the Magician (Deep Elf Wizard)                 Turns: 1815, Time: 00:05:46

Health: -1/28      AC:  3    Str:  4    XL:     5   Next: 13%
Magic:  5/16       EV: 13    Int: 24    God:
Gold:   62         SH:  0    Dex: 13    Spells: 1/17 levels left

rFire    . . .     SeeInvis .   o - +0 rapier
rCold    . . .     Gourm    .   (no shield)
rNeg     . . .     Faith    .   a - +0 robe
rPois    .         Spirit   .   b - +0 hat
rElec    .         Reflect  .   (no cloak)
rCorr    .         Harm     +   (no gloves)
MR       .....                  c - +0 pair of boots
Stlth    ++........             m - amulet of harm
HPRegen  0.09/turn              (no ring)
MPRegen  0.15/turn              (no ring)

@: very slightly contaminated, slowed, very slow
A: no striking features
a: no special abilities


You were on level 4 of the Dungeon.
You were hungry.

You visited 1 branch of the dungeon, and saw 4 of its levels.

You collected 62 gold pieces.

Inventory:

Hand Weapons
 e - a +0 dagger
 o - a +0 rapier (weapon)
Armour
 a - a +0 robe (worn)
 b - a +0 hat (worn)
 c - a +0 pair of boots (worn)
 p - a +0 leather armour
Jewellery
 m - an amulet of harm (around neck)
Scrolls
 f - a scroll of identify {unknown}
 g - 2 scrolls of remove curse {unknown}
 k - a scroll of random uselessness {unknown}
 q - a scroll of magic mapping {unknown}
Potions
 h - 3 potions of heal wounds {unknown}
 i - 2 potions of lignification {unknown}
 j - a potion of invisibility {unknown}
 l - a potion of mutation {unknown}
 n - a potion of degeneration {unknown}
Comestibles
 d - a ration


   Skills:
 + Level 0.1 Fighting
 + Level 0.1 Short Blades
 + Level 2.9 Dodging
 + Level 3.1 Stealth
 + Level 6.5 Spellcasting
 + Level 1.7 Conjurations
 + Level 2.3 Summonings
 + Level 1.3 Translocations


You had one spell level left.
You knew the following spells:

 Your Spells              Type           Power        Failure   Level  Hunger
a - Magic Dart            Conj           ###.         3%          1    None
b - Blink                 Tloc           N/A          7%          2    None
c - Call Imp              Summ           ###.....     4%          2    None
d - Slow                  Hex            #.......     12%         2    None
e - Conjure Flame         Conj/Fire      ##......     16%         3    None
f - Mephitic Cloud        Conj/Pois/Air  ##......     17%         3    None
g - Tukima's Dance        Hex            #.......     22%         3    None

Your spell library contained the following spells:

 Spells                   Type           Power        Failure   Level  Hunger
 Corona                   Hex            #......      8%          1    None
 Ensorcelled Hibernation  Hex/Ice        #.....       12%         2    None
 Dazzling Spray           Conj/Hex       ##....       16%         3    None
 Confuse                  Hex            #.......     22%         3    None


Dungeon Overview and Level Annotations

Branches:
Dungeon (4/15)
 Temple: D:4-7

Altars:
Cheibriados
Dithmenos
Fedhas
Gozag
Nemelex Xobeh
Xom

Annotations:
D:4 Natasha


Message History

Nothing appears to happen.
The shadow imp disappears in a puff of smoke!
Your crimson imp hits Natasha.
Something completely misses your crimson imp.
Casting: Mephitic Cloud (safe; 17% risk of failure)
Confirm with . or Enter, or press ? or * to list all spells.
Aiming: Mephitic Cloud (safe; 17% risk of failure)
Press: ? - help, Shift-Dir - straight line, f/p - Natasha
Aim: Natasha (heavily wounded)
The ball explodes into a vile cloud!
The stinking cloud engulfs Natasha but does no damage.
Natasha is heavily wounded.
Natasha is engulfed in noxious fumes.
Natasha appears confused.
Natasha is engulfed in noxious fumes.
Natasha appears confused.
Unknown command.
You hit Natasha.
Natasha is severely wounded.
Natasha is engulfed in noxious fumes.
Natasha appears confused.
Natasha claws you.
You die...

#.. #5###.5.......#
#.#.#..##.#####..####.#
..........##.......#
#.#.#.###........#5# #
#....).....##(##5##.#
###.###.##....5.....#
#.##.##.##.####
##.###.##.##â—‹##.#
...........@hâ—‹â—‹..#
##################


You could see Natasha (confused).

Vanquished Creatures
  A hound skeleton (D:4)
  2 orcs
  A giant cockroach (D:3)
  2 hobgoblins
  2 jackals (D:1)
  3 bats
  3 frilled lizards
  2 goblins
  3 kobolds (D:1)
  A rat (D:1)
20 creatures vanquished.

Vanquished Creatures (collateral kills)
  Eustachio (D:4)
  An orc priest (D:3)
  9 orcs
  A goblin (D:1)
  2 jackals (D:1)
  A rat (D:1)
15 creatures vanquished.

Grand Total: 35 creatures vanquished

Notes
Turn   | Place    | Note
-------+----------+-------------------------------------------
     0 | D:1      | doot the Deep Elf Wizard began the quest for the Orb.
     0 | D:1      | Reached XP level 1. HP: 10/10 MP: 7/7
   565 | D:1      | Reached XP level 2. HP: 15/15 MP: 6/9
   569 | D:1      | Learned a level 2 spell: Blink
   574 | D:1      | Learned a level 2 spell: Call Imp
   577 | D:1      | Learned a level 2 spell: Slow
   873 | D:3      | Found a blossoming altar of Fedhas.
   873 | D:3      | Found a shadowy altar of Dithmenos.
   873 | D:3      | Found a sparkling altar of Nemelex Xobeh.
   873 | D:3      | Found a snail-covered altar of Cheibriados.
   880 | D:3      | Reached skill level 5 in Spellcasting
   880 | D:3      | Reached XP level 3. HP: 10/19 MP: 0/11
  1294 | D:2      | Learned a level 3 spell: Conjure Flame
  1298 | D:2      | Learned a level 3 spell: Mephitic Cloud
  1378 | D:3      | Found a shimmering altar of Xom.
  1452 | D:3      | Found an opulent altar of Gozag.
  1629 | D:4      | Noticed Eustachio
  1647 | D:4      | Killed Eustachio
  1647 | D:4      | Reached skill level 6 in Spellcasting
  1647 | D:4      | Reached XP level 4. HP: 22/24 MP: 4/14
  1647 | D:4      | Reached XP level 5. HP: 25/28 MP: 4/16
  1658 | D:4      | Learned a level 3 spell: Tukima's Dance
  1776 | D:4      | Noticed Natasha
  1815 | D:4      | Slain by Natasha

Skill      XL: |  1  2  3 |
---------------+----------+-----
Spellcasting   | 5 6 |  6.5
Stealth        | 3 |  3.1
Summonings     | 2 |  2.3
Fighting       | |  0.1
Short Blades   | |  0.1
Dodging        | |  2.9
Conjurations   | |  1.7
Translocations | |  1.3

Action                   |  1- 3 |  4- 6 || total
-------------------------+-------+-------++-------
Melee: Dagger            |     4 |       ||     4
       Rapier            |       |     1 ||     1
 Cast: Magic Dart        |    39 |     6 ||    45
       Call Imp          |    14 |     5 ||    19
       Blink             |     3 |       ||     3
       Mephitic Cloud    |     1 |     1 ||     2
 Stab: Confused          |     1 |       ||     1
  Eat: Chunk             |     2 |       ||     2
Armor: Robe              |     7 |     3 ||    10
Dodge: Dodged            |    22 |     2 ||    24
